 Dungeon Crawl Stone Soup version 0.22.1-1-ga44c0e5 (webtiles) character file.

23 Starchild the Chiller (level 2, 0/19 HPs)
             Began as a Barachi Ice Elementalist on Oct 17, 2018.
             Slain by a gnoll
             ... wielding a +0 flail
              (8 damage)
             ... on level 2 of the Dungeon.
             The game lasted 00:04:38 (1479 turns).

Starchild the Chiller (Barachi Ice Elementalist)    Turns: 1479, Time: 00:04:38

Health: 0/19       AC:  2    Str:  9    XL:     2   Next: 95%
Magic:  3/5        EV:  6    Int: 15    God:
Gold:   15         SH:  0    Dex: 12    Spells: 2/5 levels left

rFire    . . .     SeeInvis .   f - +4 dagger
rCold    . . .     Gourm    .   (no shield)
rNeg     . . .     Faith    .   a - +0 robe
rPois    .         Spirit   .   (no helmet)
rElec    .         Reflect  .   (no cloak)
rCorr    .         Harm     .   (no gloves)
MR       .....                  (no boots)
Stlth    ++........             (no amulet)
HPRegen  0.06/turn              (no ring)
MPRegen  0.09/turn              (no ring)

@: held, slow
A: +LOS, swims, slowness 1, strong legs 1
a: Hop


You were on level 2 of the Dungeon.
You were near starving.

You visited 1 branch of the dungeon, and saw 2 of its levels.

You collected 15 gold pieces.

Inventory:

Hand Weapons
 d - a +0 club
 f - a +4 dagger (weapon)
Missiles
 h - 11 stones (quivered)
Armour
 a - a +0 robe (worn)
Scrolls
 g - a scroll of identify
 j - a scroll of amnesia {unknown}
 l - a scroll of fear {unknown}
Potions
 i - a potion of cancellation
 k - a potion of heal wounds {unknown}
 m - a potion of mutation {unknown}
 n - a potion of might {unknown}
Comestibles
 c - 3 rations


   Skills:
 - Level 2.1 Dodging
 - Level 1.7 Stealth
 - Level 2.1 Spellcasting
 * Level 1.5 Conjurations
 + Level 4.7 Ice Magic


You had 2 spell levels left.
You knew the following spells:

 Your Spells              Type           Power        Failure   Level  Hunger
a - Freeze                Ice            ###.         3%          1    #......
b - Throw Frost           Conj/Ice       ##....       9%          2    ###....

Your spell library contained the following spells:

 Spells                   Type           Power        Failure   Level  Hunger
 Ozocubu's Armour         Chrm/Ice       #.......     24%         3    ###....
 Throw Icicle             Conj/Ice       ##......     52%         4    #####..
 Summon Ice Beast         Ice/Summ       #.......     63%         4    #####..


Dungeon Overview and Level Annotations

Branches:
Dungeon (2/15)

Altars:


Innate Abilities, Weirdness & Mutations

Shadows flee at your approach. (+LOS)
You can swim through water.
You cover ground slowly.
You can hop short distances.


Message History

h - 9 stones (gained 1)
h - 10 stones (gained 1)
h - 11 stones (gained 1)
Casting: Throw Frost (safe; 9% risk of failure)
Confirm with . or Enter, or press ? or * to list all spells.
Aiming: Throw Frost (safe; 9% risk of failure)
Press: ? - help, Shift-Dir - straight line, f/p - worm
Aim: a worm The puff of frost hits the worm.
The worm is moderately wounded.
You are near starving!
You see here a scale mail.
You start resting.
The worm is too close now for your liking.
There is a stone staircase leading down here.
You climb downwards.
The leopard gecko barely misses you. The gnoll barely misses you.
The leopard gecko bites you.
The gnoll throws a throwing net.
The throwing net hits you.
You become entangled in the net!
The gnoll hits you with a flail!
You die...

........##
.........#
#........# .
#.....$..#.#
#..........
#........#
#......?#
#...l.$.##
#..@g....#
#..†.....#
#........#
#.(.........#
#..(..[.....##
..#........#...
####g.$"...#....
..#..####$###
#...... #


You could see 2 gnolls and a leopard gecko.

Vanquished Creatures
  A ball python (D:2)
  A bat (D:1)
  A giant cockroach (D:1)
  7 goblins (D:1)
  3 hobgoblins (D:1)
  3 kobolds (D:1)
  A frilled lizard (D:1)
  2 rats (D:1)
19 creatures vanquished.

Notes
Turn   | Place    | Note
-------+----------+-------------------------------------------
     0 | D:1      | Starchild the Barachi Ice Elementalist began the quest for
                  | the Orb.
     0 | D:1      | Reached XP level 1. HP: 13/13 MP: 3/3
   410 | D:1      | Reached skill level 4 in Ice Magic
   671 | D:1      | Reached XP level 2. HP: 12/19 MP: 5/5
   675 | D:1      | Learned a level 2 spell: Throw Frost
  1479 | D:2      | Slain by a gnoll

Skill      XL: |  1 |
---------------+----+-----
Ice Magic      | 4 |  4.7
Dodging        | |  2.1
Stealth        | |  1.7
Spellcasting   | |  2.1
Conjurations   | |  1.5

Action                   || total
-------------------------++-------
Melee: Dagger            ||    41
       Club              ||     4
       Unarmed           ||     1
Throw: Stone             ||     5
 Cast: Freeze            ||     7
       Throw Frost       ||     5
  Use: Scroll            ||     3
 Stab: Sleeping          ||     3
  Eat: Chunk             ||     1
Armor: Robe              ||    10
Dodge: Dodged            ||    29
